 Dungeon Crawl Stone Soup version 0.17-a0-755-g4391640 (webtiles) character file.

32962 wvc the Shatterer (level 13, -10/148 HPs)
             Began as an Ogre Wanderer on Apr 22, 2015.
             Was a High Priest of Okawaru.
             Mangled by a wolf spider (20 damage)
             ... on level 7 of the Lair of Beasts.
             The game lasted 00:48:39 (17766 turns).

wvc the Shatterer (Ogre Wanderer)                  Turns: 17766, Time: 00:48:39

Health: -10/148    AC:  8    Str: 26    XL:     13   Next: 67%
Magic:  14/14      EV:  7    Int: 14    God:    Okawaru [*****.]
Gold:   857        SH:  0    Dex: 12    Spells: 2 memorised, 8 levels left

rFire  + . .     SeeInvis .     J - +1 giant club
rCold  . . .     Clarity  .     a - +2 robe
rNeg   . . .     SustAb   .     (no shield)
rPois  .         Gourm    .     K - +0 hat {Int+3}
rElec  .         Spirit   .     u - +2 cloak
rCorr  .         Warding  .     (gloves unavailable)
rMut   .         Stasis   .     (boots unavailable)
MR     +....                    i - amulet of regeneration
Stlth  +.........               M - ring of protection from fire
                                O - +5 ring of strength

@: lethally poisoned (-10 -> -13), very slightly contaminated, somewhat
resistant to hostile enchantments, very unstealthy
A: unfitting armour, tough skin 1
a: Heroism, Finesse, Renounce Religion


You were on level 7 of the Lair of Beasts.
You worshipped Okawaru.
Okawaru was extremely pleased with you.
You were hungry.

You visited 3 branches of the dungeon, and saw 18 of its levels.

You collected 922 gold pieces.
You spent 65 gold pieces at shops.

Inventory:

Hand weapons
 B - a +0 blowgun
 J - a +1 giant club (weapon)
Missiles
 j - 34 poisoned needles
 v - 21 tomahawks (quivered)
 y - 3 throwing nets
Armour
 a - a +2 robe (worn)
 u - a +2 cloak (worn)
 K - a +0 hat of intelligence (worn)
Magical staves
 d - an uncursed staff of energy
Jewellery
 i - an amulet of regeneration (around neck)
 k - an uncursed ring of ice
 M - a ring of protection from fire (right hand)
 O - a +5 ring of strength (left hand)
 X - an uncursed ring of sustain abilities
Magical devices
 b - a wand of teleportation (2)
 e - a wand of slowing (33)
 m - a wand of draining (2)
 n - a wand of fire (9)
 t - a wand of teleportation (7)
 C - a wand of frost (17)
 D - a wand of digging (15)
 E - a wand of disintegration (10)
 S - a wand of enslavement (11)
 V - a wand of polymorph (9)
Scrolls
 h - 4 scrolls of immolation
 o - 5 scrolls of blinking
 x - a scroll of teleportation
 A - a scroll of fear
 I - 2 scrolls of enchant armour
 P - 2 scrolls of enchant weapon
 Q - 6 scrolls of remove curse
 R - 4 scrolls of identify
 U - 4 scrolls of magic mapping
 W - a scroll of fog
 Z - a scroll of recharging
Potions
 c - a potion of lignification
 l - 3 potions of magic
 p - 2 potions of haste
 q - 2 potions of agility
 s - a potion of flight
 w - 3 potions of brilliance
 z - 2 potions of cancellation
 F - 3 potions of ambrosia
 G - 2 potions of might
 H - 2 potions of curing
 N - a potion of restore abilities
 Y - a potion of heal wounds
Miscellaneous
 T - a phial of floods
Comestibles
 f - 8 bread rations
 g - 10 meat rations


   Skills:
 + Level 14.7 Fighting
 - Level 22.0 Maces & Flails
   Level 1.0 Bows
 * Level 2.8 Armour
 + Level 5.2 Dodging
 - Level 2.3 Invocations
 - Level 1.5 Evocations


You had 8 spell levels left.
You knew the following spells:

 Your Spells              Type           Power        Failure   Level  Hunger
a - Animate Skeleton      Necr           N/A          30%         1    ##.....
b - Regeneration          Chrm/Necr      #.........   83%         3    ####...


Dungeon Overview and Level Annotations

Branches:
Dungeon (10/15)            Temple (1/1) D:5            Lair (7/8) D:8
 Shoals (0/5) Lair:4       Spider (0/5) Lair:4
  Slime: Lair:6-8       Orc: D:9-12

Altars:
Ashenzari
Cheibriados
Dithmenos
Gozag
Nemelex Xobeh
Okawaru
Ru
Trog
Vehumet
Xom
Yredelemnul
The Shining One

Shops:
D:10 *


Innate Abilities, Weirdness & Mutations

You are too large for most types of armour.
You have tough skin (AC +1).


Message History

The wolf spider hits you!! The wolf spider barely misses you.
You bludgeon the wolf spider!!
The wolf spider is heavily wounded.
The spiny frog stings you!
* * * LOW HITPOINT WARNING * * *
The wolf spider hits you!
* * * LOW HITPOINT WARNING * * *
The wolf spider barely misses you.
You are too injured to fight recklessly!
Read which item? (? for menu, Esc to quit)
Blink to where?
Press: ? - help, Dir - move target cursor You are very lightly contaminated with residual magic.
As you read the scroll of blinking, it crumbles to dust.
A spiny frog comes into view.
The spiny frog barely misses you. The spiny frog stings you!
* * * LOW HITPOINT WARNING * * *
You are poisoned.
The spiny frog poisons you! The wolf spider hits you!!
You die...

...........#.PP.P..+.# .
...............PPP....> ...
..............P........ .......
.................................
..............†..................
......Y...................... ...
.....<...........†........[.###..
...............Fs...........#P..#
....SSY.........@...........##P..
P......PF..PP.P..................
..P....P....PP##............#.#..
....P.PP...PPP #...........#.###.


#PsPPPPPPP..P. #............####. .PSPPPPPP...P# #...........####.. .P.PPPP.P
#............##... .PS.PPPP #................. .PP..PP ##.P##..###..##### You
could see a wolf spider and 2 spiny frogs.

Vanquished Creatures
  The ghost of nago the Marksnaga, a powerful NaWn of Fedhas (Lair:3)
  Josephine (D:10)
  5 hydras
  Harold (D:10)
  Erica (Lair:1)
  Urug (Lair:3)
  An unseen horror (D:10)
  2 hill giants (D:10)
  Pikel (D:6)
  Maurice (D:8)
  7 black mambas
  14 spiny frogs
  A siren (Lair:4)
  5 komodo dragons
  A queen bee (D:8)
  A boulder beetle (Lair:4)
  5 blink frogs (Lair:5)
  2 deep elf magi (D:9)
  4 wraiths (D:10)
  21 yaks
  A hungry ghost (D:8)
  8 hippogriffs
  8 wolves
  7 porcupines
  Duvessa (D:6)
  2 water moccasins (Lair:6)
  4 orc warriors
  2 black bears
  4 slaves (D:6)
  A wasp (D:10)
  3 phantoms
  5 ogres
  9 crocodiles
  A big kobold (D:10)
  4 centaurs
  Blork the orc (D:6)
  17 giant frogs
  A water moccasin zombie (D:9)
  Dowan (D:6)
  8 wights
  4 scorpions
  28 killer bees
  2 electric eels (Lair:1)
  A goliath beetle (Lair:4)
  A giant frog zombie (D:8)
  A crimson imp (Temple)
  6 orc priests
  2 hounds
  2 centaur skeletons
  A jelly (D:5)
  3 giant frog skeletons
  A gnoll shaman (D:5)
  4 iguanas
  5 orc wizards
  9 worker ants
  2 killer bee zombies
  2 hell rats (Lair:1)
  5 sheep
  20 adders
  23 river rats
  8 gnolls
  4 shadow imps
  6 oozes
  4 worms
  10 giant geckos
  48 orcs
  A bat skeleton (D:8)
  7 giant cockroaches
  14 hobgoblins
  9 jackals
  5 quokkas
  2 ball pythons
  10 bats
  A giant cockroach zombie (D:5)
  5 giant newts
  10 goblins
  A jackal skeleton (D:6)
  14 kobolds
  12 rats
  2 fungi (Lair:7)
459 creatures vanquished.

Vanquished Creatures (others)
  2 butterflies (D:3)
  4 fungi
  A plant (Lair:7)
7 creatures vanquished.

Grand Total: 466 creatures vanquished

Notes
Turn   | Place    | Note
--------------------------------------------------------------
     0 | D:1      | wvc, the Ogre Wanderer, began the quest for the Orb.
     0 | D:1      | wvc set off with: a +2 robe, a +0 hand crossbow, 25 bolts, a +0 shortbow, 29 arrows, a bread ration
     0 | D:1      | Reached XP level 1. HP: 24/24 MP: 2/2
    96 | D:1      | Reached skill level 1 in Maces & Flails
   202 | D:1      | Reached XP level 2. HP: 32/32 MP: 3/3
   532 | D:1      | Reached XP level 3. HP: 39/39 MP: 4/4
  1957 | D:2      | Reached XP level 4. HP: 23/48 MP: 5/5
  2191 | D:3      | Found a shimmering altar of Xom.
  2261 | D:3      | Reached skill level 5 in Maces & Flails
  2837 | D:3      | Reached XP level 5. HP: 48/54 MP: 6/6
  3019 | D:3      | Reached skill level 6 in Maces & Flails
  3967 | D:4      | Reached skill level 7 in Maces & Flails
  4011 | D:4      | Reached XP level 6. HP: 62/62 MP: 7/7
  4048 | D:4      | Found a shadowy altar of Dithmenos.
  4360 | D:4      | Reached skill level 8 in Maces & Flails
  4535 | D:5      | Entered Level 5 of the Dungeon
  4591 | D:5      | Found a staircase to the Ecumenical Temple.
  4602 | Temple   | Entered the Ecumenical Temple
  4607 | Temple   | Reached skill level 9 in Maces & Flails
  4607 | Temple   | Reached XP level 7. HP: 70/70 MP: 8/8
  4626 | Temple   | Became a worshipper of Warmaster Okawaru
  5139 | D:5      | Reached skill level 10 in Maces & Flails
  5302 | D:5      | Found a runed door.
  5455 | D:6      | Noticed Duvessa
  5455 | D:6      | Noticed Dowan
  5550 | D:6      | Acquired Okawaru's first power
  5550 | D:6      | Reached skill level 11 in Maces & Flails
  5550 | D:6      | Reached XP level 8. HP: 76/79 MP: 9/9
  5587 | D:6      | Noticed Blork the orc
  5597 | D:6      | Killed Blork the orc
  5652 | D:6      | Killed Dowan
  5784 | D:6      | Reached skill level 5 in Fighting
  5784 | D:6      | Reached skill level 12 in Maces & Flails
  5874 | D:6      | Killed Duvessa
  6005 | D:6      | Noticed Pikel
  6037 | D:6      | Killed Pikel
  6037 | D:6      | Reached skill level 13 in Maces & Flails
  6037 | D:6      | Reached XP level 9. HP: 77/89 MP: 10/10
  6100 | D:6      | Found a sparkling altar of Nemelex Xobeh.
  6451 | D:7      | Reached skill level 1 in Invocations
  6656 | D:7      | Reached skill level 14 in Maces & Flails
  6883 | D:7      | Identified a -3 rod of ignition (13/13) (You found it on level 7 of the Dungeon)
  7480 | D:8      | Reached skill level 15 in Maces & Flails
  7556 | D:8      | Reached XP level 10. HP: 100/105 MP: 11/11
  7598 | D:8      | Noticed Maurice
  7611 | D:8      | Killed Maurice
  7611 | D:8      | Received a gift from Okawaru
  8148 | D:8      | Reached skill level 16 in Maces & Flails
  8613 | D:8      | Found a staircase to the Lair.
  9155 | D:9      | Received a gift from Okawaru
  9169 | D:9      | Reached skill level 17 in Maces & Flails
  9318 | D:9      | Reached skill level 10 in Fighting
  9466 | D:9      | Reached XP level 11. HP: 106/117 MP: 12/12
  9931 | D:10     | Entered Level 10 of the Dungeon
 10175 | D:10     | Killed an unseen horror
 10182 | D:10     | Reached skill level 18 in Maces & Flails
 10195 | D:10     | Noticed a hill giant
 10202 | D:10     | Killed a hill giant
 10336 | D:10     | Noticed Harold
 10345 | D:10     | Killed Harold
 10371 | D:10     | Found Qeopho's General Store.
 10380 | D:10     | Bought a scroll of remove curse for 39 gold pieces
 10380 | D:10     | Bought a scroll of identify for 26 gold pieces
 10396 | D:10     | Acquired Okawaru's second power
 10572 | D:10     | Noticed Josephine
 10575 | D:10     | Noticed a hill giant
 10580 | D:10     | Killed Josephine
 10580 | D:10     | Received a gift from Okawaru
 10584 | D:10     | Killed a hill giant
 10588 | D:10     | Reached skill level 19 in Maces & Flails
 10849 | D:10     | Received a gift from Okawaru
 10849 | D:10     | Reached XP level 12. HP: 124/132 MP: 13/13
 11008 | Lair:1   | Entered Level 1 of the Lair of Beasts
 11070 | Lair:1   | Noticed Erica
 11076 | Lair:1   | Killed Erica
 12214 | Lair:2   | Reached skill level 20 in Maces & Flails
 12940 | Lair:3   | Noticed nago's ghost (powerful NaWn)
 12952 | Lair:3   | Killed nago's ghost
 12989 | Lair:3   | Received a gift from Okawaru
 13041 | Lair:3   | Noticed a five-headed hydra
 13049 | Lair:3   | Killed a five-headed hydra
 13299 | Lair:3   | Noticed Urug
 13322 | Lair:3   | HP: 2/133 [Urug/great sword (7)]
 13323 | Lair:3   | Killed Urug
 13911 | Lair:3   | Reached skill level 21 in Maces & Flails
 14629 | Lair:4   | Noticed an eight-headed hydra
 14637 | Lair:4   | Killed an eight-headed hydra
 14667 | Lair:4   | Reached XP level 13. HP: 90/144 MP: 14/14
 14857 | Lair:4   | Found a hole to the Spider Nest.
 14881 | Lair:4   | Noticed a four-headed hydra
 14890 | Lair:4   | Killed a four-headed hydra
 15140 | Lair:4   | Found a staircase to the Shoals.
 15321 | Lair:4   | Reached skill level 22 in Maces & Flails
 15879 | Lair:5   | Reached skill level 1 in Armour
 16645 | Lair:6   | You fall through a shaft!
 16707 | Lair:6   | Learned a level 1 spell: Animate Skeleton
 16711 | Lair:6   | Learned a level 3 spell: Regeneration
 17199 | Lair:6   | Received a gift from Okawaru
 17707 | Lair:7   | Reached skill level 5 in Dodging
 17766 | Lair:7   | Mangled by a wolf spider

Action                   |  1- 3 |  4- 6 |  7- 9 | 10-12 | 13-15 || total
-------------------------+-------+-------+-------+-------+-------++-------
Melee: Club              |   144 |   134 |       |       |       ||   278
       Mace              |       |    49 |       |       |       ||    49
       Flail             |       |    20 |    82 |       |       ||   102
       Whip              |       |    28 |       |       |       ||    28
       Morningstar       |       |    46 |   126 |       |       ||   172
       Giant club        |       |       |   184 |   560 |   224 ||   968
       Unarmed           |       |       |     1 |       |       ||     1
 Fire: Shortbow          |    18 |       |       |       |       ||    18
Throw: Tomahawk          |       |       |     1 |       |       ||     1
Invok: Heroism           |       |       |     5 |    14 |     6 ||    25
Evoke: Wand              |       |     3 |       |    12 |     1 ||    16
  Use: Scroll            |     4 |    13 |     8 |    12 |     5 ||    42
       Potion            |       |       |       |     5 |       ||     5
 Stab: Sleeping          |       |     7 |     1 |       |     1 ||     9
  Eat: Chunk             |     3 |     9 |     8 |     9 |     3 ||    32
       Beef jerky        |       |     1 |       |       |       ||     1
       Fruit             |       |     5 |     3 |     2 |     8 ||    18
       Royal jelly       |       |       |       |     5 |     2 ||     7
       Meat ration       |       |       |       |     1 |       ||     1
       Pizza             |       |       |       |     4 |       ||     4
